 Dungeon Crawl Stone Soup version 0.30-a0-596-g0af90f9a20 (webtiles) character file.

Game seed: 12738246965977256610

1530 Darkkill the Shooter (level 8, -5/71 HPs)
             Began as a Minotaur Hunter on Jan 5, 2023.
             Was an Initiate of Gozag.
             Slain by a troll (7 damage)
             ... on level 6 of the Dungeon on Jan 6, 2023.
             The game lasted 00:08:58 (5514 turns).

Darkkill the Shooter (Minotaur Hunter)              Turns: 5514, Time: 00:08:58

Health: -5/71      AC:  4    Str: 17    XL:     8   Next: 55%
Magic:  7/7        EV: 14    Int:  6    God:    Gozag
Gold:   261        SH:  0    Dex: 15    Spells: 7/7 levels left

rFire   . . .      SeeInvis .    a - +2 longbow (heavy)
rCold   . . .      Faith    .    (shield currently unavailable)
rNeg    . . .      Spirit   .    c - +0 leather armour
rPois   .          Reflect  .    (helmet restricted)
rElec   .          Harm     .    (no cloak)
rCorr   .          Rampage  .    k - +0 pair of gloves
Will    .....                    (no boots)
Stlth   +++                      (no amulet)
HPRegen 0.31/turn                (no ring)
MPRegen 0.10/turn                (no ring)

@: studying Air Magic
A: horns 2, retaliatory headbutt
a: Renounce Religion, Potion Petition, Call Merchant, Bribe Branch


You were on level 6 of the Dungeon.
You worshipped Gozag.
Gozag was aware of your devotion.
You visited 2 branches of the dungeon, and saw 7 of its levels.

You collected 1437 gold pieces.
You spent 330 gold pieces at shops.
You paid 846 gold pieces to Gozag.

Inventory:

Hand Weapons
 a - a +2 heavy longbow (weapon)
 b - the +6 spear "Zaxzadgh" {protect, rElec rN+++ Dex-4}
   (You found it on level 5 of the Dungeon)

   Dex:       It affects your dexterity (-4).
   rElec:     It insulates you from electricity.
   rN:        It renders you almost immune to negative energy.
Missiles
 i - 54 stones
 n - 2 poisoned darts
 w - 5 boomerangs
Armour
 c - a +0 leather armour (worn)
 k - a +0 pair of gloves (worn)
Scrolls
 g - 2 scrolls of immolation
 o - a scroll of teleportation
 p - a scroll of magic mapping
 x - a scroll of fog
Potions
 d - a potion of mutation
 e - a potion of resistance
 f - 2 potions of cancellation
 j - 2 potions of attraction
 l - a potion of berserk rage {unknown}
 m - a potion of might {unknown}
 q - a potion of haste
 r - a potion of lignification {unknown}
 s - 2 potions of heal wounds {unknown}
 u - a potion of brilliance {unknown}
 z - a potion of invisibility {unknown}


   Skills:
 + Level 6.9 Fighting
 + Level 7.3 Ranged Weapons
 + Level 6.2 Dodging
 + Level 4.8 Stealth


You had 7 spell levels left.
You didn't know any spells.
Your spell library contained the following spells:

 Spells                   Type           Power      Damage    Failure   Level
 Shock                    Conj/Air       0%         1d3       52%         1
 Sting                    Tmut/Pois      0%         1d3       52%         1
 Summon Small Mammal      Summ           0%         N/A       52%         1
 Poisonous Vapours        Pois/Air       0%         N/A       67%         2
 Call Canine Familiar     Summ           0%         N/A       88%         3
 Gell's Gravitas          Tloc           0%         N/A       88%         3
 Lesser Beckoning         Tloc           0%         N/A       88%         3
 Summon Guardian Golem    Hex/Summ       0%         N/A       88%         3
 Swiftness                Air            0%         N/A       88%         3
 Teleport Other           Tloc           0%         N/A       88%         3
 Airstrike                Air            0%         2d(0-16)  99%         4
 Olgreb's Toxic Radiance  Pois           0%         N/A       99%         4
 Summon Lightning Spire   Summ/Air       0%         N/A       99%         4
 Storm Form               Tmut/Air       0%         N/A       100%        7
 Maxwell's Capacitive Co  Air            0%         ∞         100%        8


Dungeon Overview and Level Annotations

Branches:
Dungeon (6/15)             Temple (1/1) D:5

Altars:
Elyvilon
Gozag
Hepliaklqana
Nemelex Xobeh
Sif Muna
Uskayaw

Shops:
D:1 ([*!*   D:5 (


Innate Abilities, Weirdness & Mutations

You have a pair of horns on your head.
You reflexively headbutt those who attack you in melee.


Message History

You kill the ogre!
The gnoll hits you from afar with a +0 halberd!
* * * LOW HITPOINT WARNING * * *
The gnoll closely misses you.
You feel better. The gnoll misses you.
Fire: a) +2 longbow (heavy)
Press: ? - help, Q - select action, (/) - cycle Shift-Dir - straight line, f - gnoll
Aim: a gnoll, wielding a +0 halberd (covering ground quickly, 69% to hit)
You shoot an arrow. The arrow hits the gnoll!
You kill the gnoll!
The kobold brigand is no longer distracted by gold.
The kobold brigand throws a curare-tipped dart.
The curare-tipped dart hits you.
You are poisoned.
You have difficulty breathing.
* * * LOW HITPOINT WARNING * * *
You feel yourself slow down.
The kobold brigand throws a curare-tipped dart.
The curare-tipped dart misses you.
Fire: a) +2 longbow (heavy)
Press: ? - help, Q - select action, (/) - cycle Shift-Dir - straight line, f - kobold brigand
Aim: a kobold brigand, wielding a +0 dagger and quivering curare-tipped darts (59% to hit)
You shoot an arrow.
The arrow closely misses the kobold brigand.
You feel very sick.
The kobold brigand barely misses you. x2
Fire: a) +2 longbow (heavy)
Press: ? - help, Q - select action, (/) - cycle Shift-Dir - straight line, f/p - kobold brigand
Aim: a kobold brigand, wielding a +0 dagger and quivering curare-tipped darts (59% to hit)
You shoot an arrow. The arrow misses the kobold brigand.
You feel very sick.
The kobold brigand hits you with a +0 dagger.
* * * LOW HITPOINT WARNING * * *
The kobold brigand hits you with a +0 dagger.
* * * LOW HITPOINT WARNING * * *
The kobold brigand is distracted by your dazzling golden aura.
Unknown command.
Read: scroll of fear
Press: ? - help, Q - select action, (/) - cycle Dir - look around, f - activate Look: a kobold brigand, wielding a +0 dagger and quivering curare-tipped darts (unaware, hasn't noticed you, chance to affect: 97%)
As you read the scroll of fear, it crumbles to dust.
You assume a fearsome visage.
The kobold brigand looks frightened!
The kobold brigand shouts!
You feel sick.
You are no longer poisoned.
Unknown command.
Unknown command.
The kobold brigand is no longer distracted by gold.
You see here 4 gold pieces.
You feel yourself speed up.
You start resting.
HP restored.
You now have 222 gold pieces (gained 4).
You now have 238 gold pieces (gained 16).
You see here a +0 shortbow.
You now have 261 gold pieces (gained 23).
Things that are here:
a +0 giant club; a +2 whip of pain; a +0 robe A troll is nearby!
A troll is nearby!
You shoot an arrow. The troll shouts!
The arrow hits the troll!
The troll is heavily wounded.
A troll is nearby!
You shoot an arrow. The arrow hits the troll!
The troll is severely wounded.
You shoot an arrow. The arrow closely misses the troll.
A troll is nearby!
You shoot an arrow. The arrow closely misses the troll.
The troll bites you. The troll claws you. The troll claws you!
The troll bites you!
The troll claws you but does no damage. x2
A troll is nearby!
You are too injured to fight recklessly!
A troll is nearby!
You are too injured to fight recklessly!
You are too injured to fight recklessly!
Fire: a) +2 longbow (heavy)
Press: ? - help, Q - select action, (/) - cycle Shift-Dir - straight line, f/p - troll
Aim: a troll (heavily wounded, 65% to hit)
You shoot an arrow. The arrow hits the troll.
The troll is heavily wounded.
The troll bites you! The troll barely misses you.
The troll completely misses you. The troll bites you!
* * * LOW HITPOINT WARNING * * *
The troll closely misses you. The troll claws you.
* * * LOW HITPOINT WARNING * * *
Fire: a) +2 longbow (heavy)
Press: ? - help, Q - select action, (/) - cycle Shift-Dir - straight line, f/p - troll
Aim: a troll (heavily wounded, 65% to hit)
You shoot an arrow.
The arrow hits the troll but does no damage.
The troll is heavily wounded.
The troll bites you but does no damage. The troll barely misses you.
The troll claws you!
* * * LOW HITPOINT WARNING * * *
The troll misses you. The troll claws you!
You die...
Your body crumbles into a pile of gold.

....# #.......##
....#####........#####
.................'....
#########........#....
# ####...### . ####
#...# ...# #...# ...#
###.#### ...# #.)@$# $
.### ####T# .# #.# .#
#.# .# #.# ## #(# #.##
#..# ##$ggK....


You could see a troll.

Vanquished Creatures
  Grinder (D:3)
  Sigmund (D:3)
  A water moccasin (D:5)
  An ice beast (D:4)
  2 ogres (D:6)
  3 centaurs
  A necrophage (D:6)
  3 hounds
  A jelly (D:5)
  A gnoll bouda (D:6)
  An orc priest (D:5)
  2 orc wizards
  2 iguanas (D:5)
  Robin (D:2)
  3 gnolls (D:6)
  6 adders
  A shadow imp (D:6)
  2 white imps
  2 worms (D:2)
  2 dart slugs (D:1)
  9 orcs
  10 endoplasms
  A giant cockroach (D:4)
  12 hobgoblins
  10 jackals
  7 kobolds
  4 quokkas
  5 ball pythons
  6 bats
  4 frilled lizards (D:1)
  11 goblins
  7 rats
123 creatures vanquished.

Vanquished Creatures (others)
  12 plants
12 creatures vanquished.

Grand Total: 135 creatures vanquished

Notes
Turn   | Place    | Note
-------+----------+-------------------------------------------
     0 | D:1      | Darkkill the Minotaur Hunter began the quest for the Orb.
     0 | D:1      | Reached XP level 1. HP: 18/18 MP: 0/0
    66 | D:1      | Found Arhafugg's Distillery.
    89 | D:1      | Found Forhost's General Store.
   148 | D:1      | Reached skill level 1 in Stealth
   202 | D:1      | Reached XP level 2. HP: 25/25 MP: 1/1
   225 | D:1      | Found Jygetiss's Weapon Boutique.
   333 | D:1      | Found Ibrutz's Armour Emporium.
   352 | D:1      | Found Cyaruem's Assorted Antiques.
   357 | D:1      | Upgraded the game from 0.30-a0-591-g3c58d2bc28 to
                  | 0.30-a0-596-g0af90f9a20
   359 | D:1      | Reached XP level 3. HP: 30/31 MP: 2/2
   364 | D:1      | Bought a scroll labelled TANTUAM CONG for 22 gold pieces
   443 | D:1      | Found a faded altar of an unknown god.
   709 | D:2      | Found a white marble altar of Elyvilon.
   728 | D:2      | Noticed Robin
   738 | D:2      | Killed Robin
   872 | D:2      | Identified the +8 flail "Jatesh" {venom, SInv}
  1009 | D:2      | You fall into a shaft and drop 1 floor!
  1182 | D:2      | Reached XP level 4. HP: 38/38 MP: 3/3
  1680 | D:3      | Noticed Sigmund
  1720 | D:3      | Noticed Grinder
  1724 | D:3      | Paralysed by Grinder for 4 turns
  1732 | D:3      | HP: 7/38 [Grinder/nerve-wracking pain (8)]
  1733 | D:3      | Killed Grinder
  1734 | D:3      | Reached skill level 5 in Ranged Weapons
  1734 | D:3      | Reached XP level 5. HP: 10/47 MP: 4/4
  1734 | D:3      | Reached XP level 6. HP: 11/53 MP: 5/5
  1884 | D:3      | Identified a scroll of acquirement
  1884 | D:3      | Acquired 1108 gold pieces
  2059 | D:3      | Killed Sigmund
  3084 | D:4      | Noticed an ice beast
  3094 | D:4      | Killed an ice beast
  3095 | D:4      | Reached skill level 5 in Fighting
  3095 | D:4      | Reached skill level 6 in Ranged Weapons
  3095 | D:4      | Reached XP level 7. HP: 36/61 MP: 6/6
  3572 | D:4      | Found a hazy altar of Hepliaklqana.
  3759 | D:5      | Entered Level 5 of the Dungeon
  3853 | D:5      | HP: 12/61 [centaur/arrow (13)]
  3862 | D:5      | HP: 9/61 [centaur/arrow (5)]
  4204 | D:5      | Reached skill level 5 in Dodging
  4212 | D:5      | Identified the +6 spear "Zaxzadgh" {protect, rElec rN+++
                  | Dex-4}
  4294 | D:5      | Found a sparkling altar of Nemelex Xobeh.
  4301 | D:5      | Reached XP level 8. HP: 48/70 MP: 7/7
  4449 | D:5      | Found a staircase to the Ecumenical Temple.
  4472 | Temple   | Entered the Ecumenical Temple
  4502 | Temple   | Became a worshipper of Gozag Ym Sagoz the Greedy
  4528 | D:5      | Bought a +2 heavy longbow for 308 gold pieces
  5152 | D:6      | Reached skill level 7 in Ranged Weapons
  5258 | D:6      | Noticed a troll
  5285 | D:6      | HP: 11/71 [poisoned by a kobold brigand (curare-tipped
                  | dart)]
  5286 | D:6      | HP: 5/71 [kobold brigand/+0 dagger (3)]
  5513 | D:6      | HP: 13/71 [troll (5)]
  5514 | D:6      | HP: 2/71 [troll (12)]
  5514 | D:6      | Slain by a troll

Illustrated notes

Levels and vault maps discovered:
D:1:      lightli_arrival_windingriver, layout_loops_ring,
          ebering_ecumenical_altar_sacrificial, serial_shops,
          nicolae_shop_bloodbath_and_beyond, nicolae_shop_behind_doors,
          nicolae_shop_overgrown_old_shop, shop, shop
D:2:      layout_basic, basic_altar, serial_glass, glass_columns_b,
          glass_columns_c, uniq_robin
D:3:      layout_basic, grunt_decor_fettered, uniq_grinder, uniq_sigmund
D:4:      layout_cave_pools, nzn_hepliaklqana_mist_gate
D:5:      layout_cave_pools, nemelex_xobeh_ov_fountains_minmay,
          minmay_temple_entry_enclosed_plants, hangedman_decor_points,
          kb_lookout_dungeons_type, minmay_crystal_water
D:6:      kennysheep_big_flooded_room, layout_basic,
          nicolae_wu_jian_glorious_leap, serial_glass, glass_columns_b,
          glass_columns_a
Temple:   oiseaux_autumnal_temple

Skill      XL: |  1  2  3  4  5  6  7  8 |
---------------+-------------------------+-----
Stealth        | 1 2 3 4 |  4.8
Fighting       | 3 4 5 6 |  6.9
Dodging        | 3 4 5 6 |  6.2
Ranged Weapons | 5 6 7 |  7.3

Action                   |  1- 3 |  4- 6 |  7- 9 || total
-------------------------+-------+-------+-------++-------
Melee: Flail             |       |     7 |       ||     7
 Fire: Shortbow          |   105 |    75 |   107 ||   287
       Longbow           |       |       |    33 ||    33
Invok: Call Merchant     |       |       |     1 ||     1
  Use: Scroll            |     6 |     4 |     7 ||    17
       Potion            |     1 |       |     2 ||     3
Armor: Leather armour    |    13 |     7 |    20 ||    40
Dodge: Dodged            |    41 |    23 |    86 ||   150

Table legend: (Time is in decaauts)
 A = Elapsed time spent in this place.
 B = Non-inter-level travel time spent in this place.
 C = Inter-level travel time spent in this place.
 D = Time resting spent in this place.
 E = Time spent auto-exploring this place.
 F = Levels seen in this place.
 G = Mean time per level.
                   A        B        C        D        E       F      G
               +--------+--------+--------+--------+--------+-----+--------+
         Total |   5628 |   5199 |    429 |    747 |   3501 |   7 |  804.0 |
       Dungeon |   5579 |   5172 |    407 |    747 |   3480 |   6 |  929.8 |
        Temple |     48 |     26 |     22 |      0 |     21 |   1 |   48.0 |
               +--------+--------+--------+--------+--------+-----+--------+

Top non-repeatable levels by time:
     D:3: 1596 daAuts
     D:5: 1059 daAuts
     D:4: 903 daAuts
     D:2: 757 daAuts
     D:1: 731 daAuts
     D:6: 531 daAuts
  Temple: 48 daAuts

Table legend:
 A = Kills in this place as a percentage of kills in entire the game.
 B = Kills by you in this place as a percentage of kills by you in the entire game.
 C = Kills by friends in this place as a percentage of kills by friends in the entire game.
 D = Other kills in this place as a percentage of other kills in the entire game.
 E = Experience gained in this place as a percentage of experience gained in the entire game.
 F = Experience gained in this place divided by the number of levels of this place that you have seen.
                   A       B       C       D       E      F
               +-------+-------+-------+-------+-------+----------------------
         Total | 100.0 | 100.0 |   N/A |   N/A | 100.0 | 312.4
       Dungeon | 100.0 | 100.0 |   N/A |   N/A | 100.0 | 364.5
               +-------+-------+-------+-------+-------+----------------------
